Map: Prion Terraces

Players

LilDicky

  • Race: Terran Terran
  • League: Diamond

witherloo - Winner!

  • Race: Zerg Zerg
  • League: Platinum

VOD

http://www.twitch.tv/tumescentpie

Description

Time

  • Played on: Nov. 30, 2015, 10:38 a.m.
  • Length: 8:13
Show
View Real Time Build Order
Export as new Build Order

LilDicky Terran 

Build Orders: Liberator Opening, Reaper Expand 

Get SALT Encoding   

  12  0:01  SCV  
  13  0:13  SCV  
  14  0:18  Supply Depot  
  14  0:26  SCV  
  15  0:39  Refinery  
  15  0:43  Barracks  
  15  0:45  SCV  
  16  0:57  SCV  
  17  1:10  SCV  
  19  1:29  Reaper  
  19  1:31  Orbital Command  
  19  1:40  Command Center  
  19  1:49  Refinery  
  19  1:54  Supply Depot  
  19  2:02  Marine  
  19  2:06  SCV  
  21  2:15  Factory  
  21  2:20  Barracks Tech Lab  
  21  2:42  Marine  
  22  2:58  Orbital Command  
  22  3:04  SCV  
  23  3:05  Supply Depot  
  23  3:09  Starport  
  23  3:16  Siege Tank  
  26  3:20  SCV  
  28  3:33  Supply Depot  
  28  3:38  Barracks Reactor  
  28  3:39  SCV  
  28  3:42  SCV  
  28  3:51  SCV  
  28  3:54  Liberator  
  29  3:57  Refinery  
  29  4:00  SCV  
  30  4:07  SCV  
  30  4:09  Engineering Bay  
  31  4:12  SCV  
  35  4:18  Marine  
  35  4:19  SCV, Refinery  
  35  4:20  Marine  
  35  4:21  Siege Tank  
  35  4:24  SCV  
  42  4:31  SCV  
  42  4:37  Command Center  
  43  4:40  Terran Infantry Weapons Level 1  
  43  4:41  Marine  
  43  4:43  Marine  
  45  4:48  SCV  
  45  4:49  SCV  
  48  5:02  Siege Tank  
  50  5:08  SCV  
  50  5:11  Barracks Reactor  
  49  5:17  Liberator x2  
  49  5:20  SCV  
  49  5:21  SCV  
  51  5:33  SCV x2  
  59  5:44  Command Center  
  59  5:45  SCV  
  60  5:51  SCV  
  61  6:01  SCV  
  61  6:03  SCV  
  61  6:04  Liberator x2  
  63  6:17  SCV  
  64  6:20  Refinery  
  64  6:22  Barracks  
  64  6:23  Barracks  
  70  6:32  Refinery  
  70  6:46  Liberator  
  70  6:51  SCV x2  
  72  7:06  SCV x2  
  75  7:09  Planetary Fortress  
  75  7:11  Orbital Command  
  75  7:13  Barracks Tech Lab  
  75  7:15  Barracks Tech Lab, Barracks, Missile Turret  
  74  7:17  Barracks  
  74  7:22  Missile Turret  
  71  7:24  Missile Turret  
  71  7:25  Missile Turret  
  71  7:29  Missile Turret x2  
  68  7:30  Missile Turret  
  68  7:33  Missile Turret  
  68  7:37  Missile Turret  
  68  7:45  SCV  
  68  7:49  Missile Turret  
  69  7:52  SCV x2  
  69  7:57  Missile Turret  
Show
View Real Time Build Order
Export as new Build Order

witherloo Zerg - Winner!

Build Orders: Hatch First, Muta Ling Bane 

Get SALT Encoding   

  12  0:01  Drone  
  13  0:13  Overlord  
  13  0:17  Drone  
  14  0:31  Drone x2  
  14  0:35  Drone  
  17  0:45  Drone  
  18  0:56  Hatchery  
  17  1:01  Drone  
  18  1:13  Spawning Pool  
  18  1:15  Drone  
  18  1:18  Extractor  
  17  1:31  Drone x2  
  19  1:40  Overlord  
  19  1:59  Queen  
  19  2:01  Zergling x2  
  22  2:04  Overlord  
  22  2:08  Queen  
  22  2:15  Drone x2  
  26  2:19  Metabolic Boost  
  26  2:28  Drone  
  26  2:29  Drone  
  28  2:34  Zergling x2  
  28  2:46  Drone  
  28  2:48  Extractor  
  28  3:02  Drone x4  
  32  3:07  Baneling Nest  
  31  3:16  Drone x5  
  36  3:21  Zergling x4  
  36  3:23  Drone x2  
  40  3:42  Drone x2  
  40  3:47  Drone  
  40  3:48  Drone  
  44  3:49  Overlord x2  
  44  3:57  Overlord  
  44  4:00  Lair  
  44  4:01  Hatchery  
  41  4:04  Zergling x2  
  41  4:05  Zergling x2  
  41  4:09  Drone x2  
  44  4:14  Drone x2  
  44  4:15  Drone  
  47  4:17  Extractor x2  
  47  4:20  Zergling x4  
  47  4:29  Drone x3  
  47  4:30  Drone x3  
  53  4:35  Overlord  
  53  4:37  Drone  
  54  4:44  Drone  
  55  4:50  Evolution Chamber  
  55  4:51  Evolution Chamber  
  55  4:52  Zergling x2  
  53  4:53  Baneling x2  
  53  4:58  Zergling x2  
  54  5:01  Centrifical Hooks, Zergling x2  
  55  5:12  Drone x3  
  55  5:13  Drone x4  
  62  5:17  Zerg Ground Armor Level 1, Zerg Melee Weapons Level 1  
  62  5:24  Spore Crawler  
  62  5:25  Drone  
  62  5:27  Spore Crawler  
  61  5:30  Spire  
  61  5:35  Spore Crawler  
  59  5:36  Overlord x2  
  59  5:40  Drone x2  
  59  5:41  Drone  
  62  5:44  Overlord  
  53  6:17  Queen  
  55  6:32  Drone x2  
  57  6:33  Drone x4  
  61  6:44  Mutalisk  
  61  6:45  Mutalisk x10  
  83  7:02  Drone x2  
  83  7:03  Drone x6  
  83  7:04  Drone  
  84  7:21  Mutalisk x3  
  89  7:22  Drone  
  89  7:23  Drone, Queen  
  89  7:29  Extractor x2  
  90  7:34  Drone  
  90  7:35  Drone x6  
  90  7:36  Overlord x2  
  97  7:42  Overlord x2  
  97  7:53  Overlord x2  
  97  7:59  Hatchery  
Tags
 
Add a new tag
Caveats
  • Supply blocks, unpowered buildings, or Contaminate may cause inaccurate times.
  • Supply counts are checked every 10 seconds.